| TOP OF THE 1ST |
|
Oakland Athletics batting - Pitching for Texas Rangers : RHP Catfish Hunter
|
|
Pitching: RHP Catfish Hunter
|
|
|
Batting: SHB Mike Turgeon
|
0-0: Ball 1-0: Called Strike 1-1: Ball 2-1: SINGLE (Groundball, 4MD, EV 95.0 MPH)
|
|
Batting: LHB Ruppert Jones
|
0-0: Ball 1-0: Called Strike 1-1: Ball 2-1: SINGLE (Line Drive, 9S, EV 92.5 MPH) Mike Turgeon to second Runner from 2nd tries for 3rd, SAFE, throw by RF made to third
|
|
Batting: RHB Dave Henderson
|
0-0: Called Strike Ruppert Jones steals 2nd base 0-1: Fly out, F8 (Flyball, 8RM, EV 85.0 MPH) Runner from 3rd tags up, SCORES, no throw by CF
|
|
Batting: LHB Reggie Jackson
|
0-0: Called Strike 0-1: Ball 1-1: Ground out U3 (Groundball, 3, EV 103.1 MPH) Ruppert Jones to third
|
|
Batting: RHB George Hendrick
|
0-0: Called Strike 0-1: Ball 1-1: Foul Ball, location: 2F 1-2: Ball 2-2: Ball 3-2: Strikes out looking
|
| Top of the 1st over - 1 run, 2 hits, 0 errors, 1 left on base; Oakland 1 - Texas 0 |
| BOTTOM OF THE 1ST |
|
Texas Rangers batting - Pitching for Oakland Athletics : RHP Ron G Davis
|
|
Pitching: RHP Ron G Davis
|
|
|
Batting: LHB Lenny Dykstra
|
0-0: Called Strike 0-1: Ball 1-1: Foul Ball, location: 2F 1-2: Foul Ball, location: 2F 1-2: Fly out, F9 (Line Drive, 9D, EV 104.4 MPH)
|
|
Batting: RHB Kirby Puckett
|
0-0: Foul Ball, location: 2F 0-1: Ball 1-1: Ball 2-1: Ground out 6-3 (Groundball, 6, EV 82.5 MPH)
|
|
Batting: RHB Steve Garvey
|
0-0: Called Strike 0-1: Foul Ball, location: 2F 0-2: Foul Ball, location: 2F 0-2: Ball 1-2: Ball 2-2: SINGLE (Flyball, 8RS, EV 95.0 MPH)
|
|
Batting: RHB Steve Balboni
|
0-0: Ball 1-0: Ball 2-0: Called Strike 2-1: Foul Ball, location: 2F 2-2: Fielders Choice at 2nd, 6-4 (Groundball, 6, EV 84.4 MPH)
|
| Bottom of the 1st over - 0 runs, 1 hit, 0 errors, 1 left on base; Oakland 1 - Texas 0 |
| TOP OF THE 2ND |
|
Oakland Athletics batting - Pitching for Texas Rangers : RHP Catfish Hunter
|
|
Batting: RHB Earl C Williams
|
0-0: Called Strike 0-1: Ball 1-1: Called Strike 1-2: Foul Ball, location: 2F 1-2: Foul Ball, location: 2F 1-2: Fly out, F9 (Flyball, 9S, EV 93.8 MPH)
|
|
Batting: LHB Ben Oglivie
|
0-0: Ball 1-0: SINGLE (Line Drive, 8RS, EV 95.6 MPH)
|
|
Batting: RHB Barry Evans
|
0-0: Ball 1-0: Foul Ball, location: 2F 1-1: Ball 2-1: Ball 3-1: Called Strike 3-2: SINGLE (Groundball, 34D, EV 105.0 MPH) Ben Oglivie to second Runner from 2nd tries for 3rd, SAFE, no throw by RF
|
|
Batting: RHB Fred Andrews
|
0-0: Ball 1-0: Swinging Strike 1-1: Foul Ball, location: 2F 1-2: SINGLE (Line Drive, 89M, EV 95.6 MPH) Ben Oglivie scores Barry Evans to second Runner from 2nd tries for 3rd, OUT! 8-5
|
|
Batting: SHB Mike Turgeon
|
0-0: Ball 1-0: Called Strike Fred Andrews steals 2nd base 1-1: Foul Ball, location: 2F 1-2: Ball 2-2: Ground out 6-3 (Groundball, 6, EV 86.9 MPH)
|
| Top of the 2nd over - 1 run, 3 hits, 0 errors, 1 left on base; Oakland 2 - Texas 0 |
| BOTTOM OF THE 2ND |
|
Texas Rangers batting - Pitching for Oakland Athletics : RHP Ron G Davis
|
|
Batting: LHB Jody Helser
|
0-0: Called Strike 0-1: Ball 1-1: Foul Ball, location: 2F 1-2: Ground out 5-3 (Groundball, 56S, EV 83.1 MPH)
|
|
Batting: RHB Rich Dauer
|
0-0: Fly out, F9 (Flyball, 9LD, EV 108.8 MPH)
|
|
Batting: RHB George Bjorkman
|
0-0: Ball 1-0: Fly out, F3 (Popup, 3S, EV 65.6 MPH)
|
| Bottom of the 2nd over - 0 runs, 0 hits, 0 errors, 0 left on base; Oakland 2 - Texas 0 |
| TOP OF THE 3RD |
|
Oakland Athletics batting - Pitching for Texas Rangers : RHP Catfish Hunter
|
|
Batting: LHB Ruppert Jones
|
0-0: Foul Ball, location: 2F 0-1: Ball 1-1: Ball 2-1: Ball 3-1: SOLO HOME RUN (Flyball, 9D, EV 91.3 MPH), Distance : 396 ft
|
|
Batting: RHB Dave Henderson
|
0-0: Ball 1-0: Ball 2-0: Foul Ball, location: 2F 2-1: Ball 3-1: Called Strike 3-2: Base on Balls
|
|
Batting: LHB Reggie Jackson
|
0-0: Called Strike 0-1: Swinging Strike 0-2: Ball 1-2: Fly out, F8 (Line Drive, 8LD, EV 89.4 MPH)
|
|
Batting: RHB George Hendrick
|
0-0: Ball 1-0: Ball 2-0: SINGLE (Groundball, 34D, EV 95.6 MPH) Dave Henderson to second Runner from 2nd tries for 3rd, SAFE, no throw by RF
|
|
Batting: RHB Earl C Williams
|
0-0: Ball 1-0: Called Strike 1-1: Called Strike 1-2: Foul Ball, location: 2F 1-2: Ball 2-2: Strikes out looking
|
|
Batting: LHB Ben Oglivie
|
0-0: Ball 1-0: Ball 2-0: Called Strike 2-1: Foul Ball, location: 2F 2-2: Fielders Choice at 2nd, 6-4 (Groundball, 6, EV 85.0 MPH)
|
| Top of the 3rd over - 1 run, 2 hits, 0 errors, 2 left on base; Oakland 3 - Texas 0 |
| BOTTOM OF THE 3RD |
|
Texas Rangers batting - Pitching for Oakland Athletics : RHP Ron G Davis
|
|
Batting: RHB Juan Rodriguez
|
0-0: Ball 1-0: Called Strike 1-1: DOUBLE (Flyball, 8RXD, EV 88.1 MPH)
|
|
Batting: RHB Juan Samuel
|
0-0: Ground out 6-3 (Groundball, 6, EV 90.6 MPH) Juan Rodriguez to third
|
|
Batting: LHB Lenny Dykstra
|
0-0: Ball 1-0: Ball 2-0: Ball 3-0: Called Strike 3-1: Swinging Strike 3-2: Base on Balls
|
|
Batting: RHB Kirby Puckett
|
0-0: Ball 1-0: Ball 2-0: Ball 3-0: Called Strike 3-1: Fly out, F4 (Flyball, 4D, EV 95.0 MPH)
|
|
Batting: RHB Steve Garvey
|
0-0: SINGLE (Groundball, 3D, EV 103.1 MPH) Juan Rodriguez scores Lenny Dykstra to second Runner from 2nd tries for 3rd, SAFE, no throw by RF
|
|
Batting: RHB Steve Balboni
|
0-0: Ball 1-0: Called Strike 1-1: Fly out, F9 (Flyball, 9S, EV 93.8 MPH)
|
| Bottom of the 3rd over - 1 run, 2 hits, 0 errors, 2 left on base; Oakland 3 - Texas 1 |
| TOP OF THE 4TH |
|
Oakland Athletics batting - Pitching for Texas Rangers : RHP Catfish Hunter
|
|
Batting: RHB Barry Evans
|
0-0: Foul Ball, location: 2F 0-1: Called Strike 0-2: Ground out 6-3 (Groundball, 6S, EV 93.1 MPH)
|
|
Batting: RHB Fred Andrews
|
0-0: SINGLE (Groundball, 34D, EV 104.4 MPH)
|
|
Batting: SHB Mike Turgeon
|
0-0: Ball 1-0: Called Strike 1-1: Foul Ball, location: 2F 1-2: Ball 2-2: SINGLE (Groundball, 4MS, EV 63.8 MPH) (infield hit) Fred Andrews to second
|
|
Batting: LHB Ruppert Jones
|
0-0: Called Strike 0-1: Swinging Strike 0-2: Ball 1-2: Ball 2-2: Ground out 6-3 (Groundball, 6M, EV 83.1 MPH) Fred Andrews to third Mike Turgeon to second
|
|
Batting: RHB Dave Henderson
|
0-0: Called Strike 0-1: Swinging Strike 0-2: Foul Ball, location: 2F 0-2: Ground out 6-3 (Groundball, 56, EV 84.4 MPH)
|
| Top of the 4th over - 0 runs, 2 hits, 0 errors, 2 left on base; Oakland 3 - Texas 1 |
| BOTTOM OF THE 4TH |
|
Texas Rangers batting - Pitching for Oakland Athletics : RHP Ron G Davis
|
|
Batting: LHB Jody Helser
|
0-0: Ball 1-0: Foul Ball, location: 2F 1-1: SINGLE (Groundball, 34D, EV 106.9 MPH)
|
|
Batting: RHB Rich Dauer
|
0-0: Ground out 6-3 (Groundball, 6, EV 106.9 MPH) Jody Helser to second
|
|
Batting: RHB George Bjorkman
|
0-0: Ball 1-0: Ground out 6-3 (Groundball, 6, EV 81.9 MPH)
|
|
Batting: RHB Juan Rodriguez
|
0-0: Ball 1-0: Ground out 6-3 (Groundball, 6, EV 84.4 MPH)
|
| Bottom of the 4th over - 0 runs, 1 hit, 0 errors, 1 left on base; Oakland 3 - Texas 1 |
| TOP OF THE 5TH |
|
Oakland Athletics batting - Pitching for Texas Rangers : RHP Catfish Hunter
|
|
Batting: LHB Reggie Jackson
|
0-0: Ball 1-0: Foul Ball, location: 2F 1-1: Ball 2-1: SINGLE (Line Drive, 8RS, EV 90.0 MPH)
|
|
Batting: RHB George Hendrick
|
0-0: Ball 1-0: Ball 2-0: Ball 3-0: Foul Ball, location: 2F 3-1: 2-RUN HOME RUN (Flyball, 89XD, EV 104.4 MPH), Distance : 401 ft
|
|
Batting: RHB Earl C Williams
|
0-0: Foul Ball, location: 2F 0-1: SOLO HOME RUN (Flyball, 7LD, EV 104.4 MPH), Distance : 359 ft
|
|
Pitching: RHP Ed Lynch
|
|
|
Batting: LHB Ben Oglivie
|
0-0: Ball 1-0: Foul Ball, location: 2F 1-1: Swinging Strike 1-2: Foul Ball, location: 2F 1-2: Fly out, F4 (Line Drive, 4, EV 75.0 MPH)
|
|
Batting: RHB Barry Evans
|
0-0: Called Strike 0-1: Ball 1-1: Foul Ball, location: 2F 1-2: Fly out, F8 (Flyball, 8LM, EV 82.5 MPH)
|
|
Batting: RHB Fred Andrews
|
0-0: Ball 1-0: Ground out 6-3 (Groundball, 6, EV 85.0 MPH)
|
| Top of the 5th over - 3 runs, 3 hits, 0 errors, 0 left on base; Oakland 6 - Texas 1 |
| BOTTOM OF THE 5TH |
|
Texas Rangers batting - Pitching for Oakland Athletics : RHP Ron G Davis
|
|
Batting: RHB Juan Samuel
|
0-0: Ball 1-0: Ball 2-0: DOUBLE (Line Drive, 9LM, EV 107.5 MPH)
|
|
Batting: LHB Lenny Dykstra
|
0-0: Ball 1-0: Ball 2-0: Foul Ball, location: 2F 2-1: Fly out, F9 (Flyball, 9D, EV 75.6 MPH) Runner from 2nd tags up, SAFE at 3rd, no throw by RF
|
|
Batting: RHB Kirby Puckett
|
0-0: Foul Ball, location: 2F 0-1: Foul Ball, location: 2F 0-2: Foul Ball, location: 2F 0-2: Ball 1-2: Strikes out looking
|
|
Batting: RHB Steve Garvey
|
0-0: Called Strike 0-1: Ball 1-1: SINGLE (Flyball, 89S, EV 87.5 MPH) Juan Samuel scores
|
|
Batting: RHB Steve Balboni
|
0-0: Ball 1-0: Called Strike 1-1: Called Strike 1-2: Foul Ball, location: 2F 1-2: Strikes out looking
|
| Bottom of the 5th over - 1 run, 2 hits, 0 errors, 1 left on base; Oakland 6 - Texas 2 |
| TOP OF THE 6TH |
|
Oakland Athletics batting - Pitching for Texas Rangers : RHP Ed Lynch
|
|
Batting: SHB Mike Turgeon
|
0-0: Ball 1-0: SINGLE (Line Drive, 7S, EV 101.3 MPH)
|
|
Batting: LHB Ruppert Jones
|
0-0: Ball 1-0: Called Strike 1-1: Foul Ball, location: 2F 1-2: Strikes out swinging
|
|
Batting: RHB Dave Henderson
|
0-0: Ball Mike Turgeon steals 2nd base 1-0: Called Strike 1-1: Ball 2-1: Fly out, F7 (Flyball, 7LS, EV 77.5 MPH)
|
|
Batting: LHB Reggie Jackson
|
0-0: Called Strike 0-1: Foul Ball, location: 2F 0-2: Ball 1-2: Fly out, F7 (Flyball, 7D, EV 96.9 MPH)
|
| Top of the 6th over - 0 runs, 1 hit, 0 errors, 1 left on base; Oakland 6 - Texas 2 |
| BOTTOM OF THE 6TH |
|
Texas Rangers batting - Pitching for Oakland Athletics : RHP Ron G Davis
|
|
Batting: LHB Jody Helser
|
0-0: Fly out, F4 (Line Drive, 4, EV 73.1 MPH)
|
|
Batting: RHB Rich Dauer
|
0-0: Ball 1-0: DOUBLE (Flyball, 8LXD, EV 112.5 MPH)
|
|
Batting: RHB George Bjorkman
|
0-0: Ball 1-0: Ball 2-0: Foul Ball, location: 2F 2-1: Fly out, F7 (Flyball, 7S, EV 81.9 MPH)
|
|
Batting: RHB Juan Rodriguez
|
0-0: Fly out, F7 (Flyball, 7LM, EV 91.9 MPH)
|
| Bottom of the 6th over - 0 runs, 1 hit, 0 errors, 1 left on base; Oakland 6 - Texas 2 |
| TOP OF THE 7TH |
|
Oakland Athletics batting - Pitching for Texas Rangers : RHP Ed Lynch
|
|
Batting: RHB George Hendrick
|
0-0: Ball 1-0: Called Strike 1-1: Ball 2-1: Ball 3-1: Foul Ball, location: 2F 3-2: Base on Balls
|
|
Batting: RHB Earl C Williams
|
0-0: Called Strike George Hendrick steals 2nd base 0-1: Ball 1-1: Ball 2-1: Ground out 4-3 (Groundball, 4MS, EV 66.9 MPH) George Hendrick to third
|
|
Batting: LHB Ben Oglivie
|
0-0: Ball 1-0: Ground out 4-3 (Groundball, 4, EV 105.0 MPH) George Hendrick scores
|
|
Batting: RHB Barry Evans
|
0-0: Foul Ball, location: 2F 0-1: SINGLE (Line Drive, 6D, EV 102.5 MPH)
|
|
Batting: RHB Fred Andrews
|
0-0: Ball Barry Evans steals 2nd base 1-0: Ground out U3 (Groundball, 3, EV 91.3 MPH)
|
| Top of the 7th over - 1 run, 1 hit, 0 errors, 1 left on base; Oakland 7 - Texas 2 |
| BOTTOM OF THE 7TH |
|
Texas Rangers batting - Pitching for Oakland Athletics : RHP Ron G Davis
|
|
Batting: RHB Juan Samuel
|
0-0: Foul Ball, location: 2F 0-1: Ball 1-1: Ground out 6-3 (Groundball, 6, EV 82.5 MPH)
|
|
Batting: LHB Lenny Dykstra
|
0-0: Ball 1-0: Called Strike 1-1: Fly out, F3 (Popup, 3F, EV 73.1 MPH)
|
|
Batting: RHB Kirby Puckett
|
0-0: Fly out, F4 (Popup, 34S, EV 83.8 MPH)
|
| Bottom of the 7th over - 0 runs, 0 hits, 0 errors, 0 left on base; Oakland 7 - Texas 2 |
| TOP OF THE 8TH |
|
Oakland Athletics batting - Pitching for Texas Rangers : RHP Ed Lynch
|
|
Batting: SHB Mike Turgeon
|
0-0: Ball 1-0: Called Strike 1-1: Ground out U3 (Groundball, 34, EV 91.3 MPH)
|
|
Batting: LHB Ruppert Jones
|
0-0: Ball 1-0: Swinging Strike 1-1: Foul Ball, location: 2F 1-2: Ball 2-2: Strikes out swinging
|
|
Batting: RHB Dave Henderson
|
0-0: Called Strike 0-1: Ball 1-1: Ground out 5-3 (Groundball, 5S, EV 65.0 MPH)
|
| Top of the 8th over - 0 runs, 0 hits, 0 errors, 0 left on base; Oakland 7 - Texas 2 |
| BOTTOM OF THE 8TH |
|
Texas Rangers batting - Pitching for Oakland Athletics : RHP Ron G Davis
|
|
Batting: RHB Steve Garvey
|
0-0: Ground out 1-3 (Groundball, 13, EV 75.0 MPH)
|
|
Batting: RHB Steve Balboni
|
0-0: Fly out, F4 (Popup, 4MS, EV 58.1 MPH)
|
|
Batting: LHB Jody Helser
|
0-0: Called Strike 0-1: Fly out, F7 (Line Drive, 7, EV 103.8 MPH)
|
| Bottom of the 8th over - 0 runs, 0 hits, 0 errors, 0 left on base; Oakland 7 - Texas 2 |
| TOP OF THE 9TH |
|
Oakland Athletics batting - Pitching for Texas Rangers : RHP Ed Lynch
|
|
Batting: LHB Reggie Jackson
|
0-0: Ball 1-0: Ball 2-0: Ball 3-0: Single, Error in OF, E7, batter to second base (Line Drive, 78S, EV 86.9 MPH)
|
|
Pitching: RHP Williard Kinard
|
|
|
Batting: RHB George Hendrick
|
0-0: Ball 1-0: Ball 2-0: Called Strike 2-1: Foul Ball, location: 2F 2-2: Foul Ball, location: 2F 2-2: Fly out, F8 (Flyball, 89S, EV 89.4 MPH)
|
|
Batting: RHB Earl C Williams
|
0-0: Foul Ball, location: 2F 0-1: Ground out 5-3 (Groundball, 5D, EV 98.1 MPH)
|
|
Batting: LHB Ben Oglivie
|
0-0: Ball 1-0: Called Strike 1-1: Ball 2-1: Swinging Strike 2-2: Foul Ball, location: 2F 2-2: Ball Wild Pitch! Reggie Jackson to third 3-2: Strikes out looking
|
| Top of the 9th over - 0 runs, 1 hit, 1 error, 1 left on base; Oakland 7 - Texas 2 |
| BOTTOM OF THE 9TH |
|
Texas Rangers batting - Pitching for Oakland Athletics : RHP Ron G Davis
|
|
Batting: RHB Rich Dauer
|
0-0: Ball 1-0: Ground out 6-3 (Groundball, 6, EV 103.8 MPH)
|
|
Batting: RHB George Bjorkman
|
0-0: Foul Ball, location: 2F 0-1: Fly out, F8 (Flyball, 8RM, EV 91.3 MPH)
|
|
Batting: RHB Juan Rodriguez
|
0-0: Fly out, F7 (Flyball, 7, EV 90.6 MPH)
|
| Bottom of the 9th over - 0 runs, 0 hits, 0 errors, 0 left on base; Oakland 7 - Texas 2 |
|